 Dungeon Crawl Stone Soup version 0.18.1-48-g4cf74bf (webtiles) character file.

264 MistressOfTheDunes the Insei (level 5, -2/43 HPs)
             Began as a Mummy Monk on June 27, 2016.
             Slain by a sheep (9 damage)
             ... led by a cyclops
             ... on level 2 of the Dungeon.
             The game lasted 00:06:42 (12017 turns).

MistressOfTheDunes the Insei (Mummy Monk)          Turns: 12017, Time: 00:06:43

Health: -2/43      AC:  4    Str: 15    XL:     5   Next: 98%
Magic:  5/5        EV: 13    Int:  9    God:
Gold:   180        SH:  0    Dex: 15    Spells: 0 memorised, 4 levels left

rFire  x . .     SeeInvis .       - Unarmed
rCold  + . .     Gourm    .     (no armour)
rNeg   + + +     Faith    .     (no shield)
rPois  ∞         Spirit   .     (no helmet)
rElec  .         Dismiss  .     (no cloak)
rCorr  .         Reflect  .     h - +2 pair of gloves
SustAt .         Harm     .     f - +0 pair of boots
MR     .....                    (no amulet)
Stlth  +++.......               (no ring)
                                a - ring of stealth

@: not resistant to hostile enchantments, fairly stealthy
A: no food or potions, fire vulnerability, cold resistance 1, negative energy
resistance 3, torment resistance, unbreathing
a: no special abilities


You were on level 2 of the Dungeon.
You were not hungry.

You visited 1 branch of the dungeon, and saw 4 of its levels.

You collected 180 gold pieces.


Innate Abilities, Weirdness & Mutations

You do not eat or drink.
Your flesh is vulnerable to fire.
You are immune to poison.
Your flesh is cold resistant.
You are immune to negative energy.
You are immune to unholy pain and torment.
You can survive without breathing.


   Skills:
 + Level 4.9 Fighting
 - Level 2.4 Dodging
 - Level 1.5 Stealth
 - Level 5.0 Unarmed Combat


You had 4 spell levels left.
You didn't know any spells.

Inventory:

Missiles
 g - 33 poisoned needles (quivered)
Armour
 f - a +0 pair of boots (worn)
 h - a +2 pair of gloves (worn)
Jewellery
 a - a ring of stealth (left hand)
 n - a cursed amulet of inaccuracy {unknown}
Scrolls
 b - 2 scrolls of teleportation {unknown}
 c - a scroll of identify {unknown}
 d - a scroll of immolation {unknown}
 e - a scroll of remove curse {unknown}
 i - a scroll of random uselessness {unknown}
 j - 2 scrolls of magic mapping {unknown}
 k - 2 scrolls of amnesia {unknown}
 l - a scroll of blinking {unknown}
 m - a scroll of fog {unknown}

Dungeon Overview and Level Annotations

Branches:
Dungeon (4/15)
 Temple: D:4-7

Altars:
Ashenzari
Cheibriados
Dithmenos
Makhleb
Ru
Yredelemnul

Annotations:
D:3 Wardy's ghost, amateur DsEn
D:4 exclusion: ogre

▒.▒▒▒▒▒▒▒.....▒▒▒▒.........▒▒▒▒..
..........▒▒.▒▒............+.....
▒.▒▒▒▒..▒▒▒...▒▒▒...<......▒▒▒▒..
▒.▒ ▒▒.▒▒.....▒▒.▒.÷.....▒▒ ▒▒.
▒.▒ ▒.▒.......▒.▒▒.....▒▒ ▒▒ ▒.▒
▒....._.....▒▒▒Y..▒▒ ▒ ▒.▒
▒▒▒.......▒.▒ ▒▒'▒▒ ▒ ..▒
▒▒.....▒▒Y▒ ▒.▒ ▒ ▒▒▒ ▒▒...▒▒MY▒
▒▒.▒▒ ▒▒▒▒▒▒▒ ▒▒.▒▒▒▒▒▒ ▒...▒
▒...... ▒.▒.▒ ▒▒▒..>▒▒▒.▒▒▒▒▒
▒...▒▒▒▒.......▒.▒▒
▒▒▒....Y..........▒
▒▒▒▒▒▒..........▒ ▒▒▒...▒▒>..▒
▒.......▒▒ ▒▒▒▒▒▒▒▒▒


You could see 2 sheep.


Message History

The sheep closely misses you! The sheep completely misses you!
There is an open door here!
The sheep barely misses you!
You squash the sheep but do no damage!
The sheep misses you!
You closely miss the sheep! The sheep bites you but does no damage!
You pummel the sheep like a punching bag!
The sheep is moderately wounded!
The sheep bites you!
You barely miss the sheep!
The sheep is moderately wounded!
The sheep bites you!!! * * * don't die
* * * You beat the sheep into a bloody pulp!!!
The sheep is almost dead!
The sheep closely misses you!
You closely miss the sheep!
The sheep is almost dead!
The sheep bites you! * * * don't die
* * * You pulverise the sheep!
The sheep is almost dead!
The sheep bites you! * * * don't die
* * *
There is an open door here!
You pulverise the sheep but do no damage!
The sheep is almost dead!
You squash the sheep like an ant!
The sheep is almost dead!
The sheep bites you!!! rip

Action                   |  1- 3 |  4- 6 || total
-------------------------+-------+-------++-------
Melee: Unarmed           |   135 |   237 ||   372
       Punch             |     4 |     4 ||     8
 Stab: Sleeping          |     3 |     4 ||     7
Armor: Skin              |       |    59 ||    59
Dodge: Dodged            |    79 |   192 ||   271

Vault maps used:
D:1:      dpeg_arrival_three_same_balls, minmay_misc_feat_x, hex_large,
          kennysheep_boxes
D:2:      grunt_temple_overflow_open, lemuel_crystal_altar, lemuel_round_altar,
          makhleb_heckhound_becter
D:3:      nicolae_overflow_hidden_temple, first_bread,
          grunt_dithmenos_smoke_and_mirrors
D:4:      serial_shops, shop, nicolae_ru_the_path_less_chosen,
          uniq_blork_the_orc, uniq_duvessa

Notes
Turn   | Place    | Note
--------------------------------------------------------------
     0 | D:1      | MistressOfTheDunes the Mummy Monk began the quest for the Orb.
     0 | D:1      | Reached XP level 1. HP: 18/18 MP: 1/1
   444 | D:1      | Reached XP level 2. HP: 18/24 MP: 2/2
   753 | D:1      | Reached skill level 4 in Unarmed Combat
  1250 | D:1      | Reached XP level 3. HP: 24/29 MP: 3/3
  1582 | D:2      | Found a burning altar of Makhleb.
  1642 | D:2      | Found a burning altar of Makhleb.
  1721 | D:2      | Found a shattered altar of Ashenzari.
  1721 | D:2      | Found a basalt altar of Yredelemnul.
  1763 | D:2      | Reached XP level 4. HP: 31/35 MP: 4/4
  2261 | D:2      | Found a snail-covered altar of Cheibriados.
  2697 | D:3      | Found a shadowy altar of Dithmenos.
  2885 | D:3      | Noticed Wardy's ghost (amateur DsEn)
  3126 | D:3      | Reached skill level 5 in Unarmed Combat
  3248 | D:3      | Found a sacrificial altar of Ru.
  3856 | D:4      | Reached XP level 5. HP: 40/42 MP: 5/5
  3868 | D:4      | Noticed an ogre
  3885 | D:4      | Found a sacrificial altar of Ru.
  3975 | D:4      | Reached skill level 4 in Fighting
 11741 | D:1      | Noticed a cyclops
 11997 | D:2      | HP: 4/43 [sheep[a cyclops] (3)]
 12017 | D:2      | Slain by a sheep

Vanquished Creatures
  A howler monkey (D:4)
  2 hounds
  2 sheep
  2 adders (D:3)
  A worm (D:3)
  2 dart slugs
  3 giant geckos
  6 orcs (D:3)
  5 giant cockroaches
  4 goblins
  6 hobgoblins
  13 jackals
  12 kobolds
  3 quokkas
  A ball python (D:1)
  14 bats
  6 giant newts
  9 rats
92 creatures vanquished.
